 Dungeon Crawl Stone Soup version 0.25-a0-733-gf7d8cd8a05 (webtiles) character file.

Game seed: 9131756712558160060, levelgen mode: deterministic

131255 Lugonue the Peltast (level 17, -4/100 HPs)
             Began as a Tengu Venom Mage on Apr 9, 2020.
             Was a High Priest of Okawaru.
             Slain by an Ice Fiend (29 damage)
             ... in an ice cave.
             The game lasted 01:44:48 (26256 turns).

Lugonue the Peltast (Tengu Venom Mage)             Turns: 26256, Time: 01:44:49

Health: -4/100     AC: 15    Str: 17    XL:     17   Next: 9%
Magic:  0/52       EV: 32    Int: 23    God:    Okawaru [*****.]
Gold:   723        SH: 17    Dex: 27    Spells: 25/40 levels left

rFire    . . .     SeeInvis .   P - +10 long sword of the Shining Light {vorpal, +Blink Dex+4}
rCold    . . .     Gourm    .   J - +0 kite shield
rNeg     + + .     Faith    .   p - +4 robe of Augmentation {Str+4 Int+4 Dex+4}
rPois    +         Spirit   +   W - +2 hat {Int+3}
rElec    .         Reflect  .   v - scarf {Spirit}
rCorr    +         Harm     .   x - +3 pair of gloves of the First Snow {rF- rN++ Regen+ rCorr}
MR       +....                  (boots unavailable)
Stlth    +++++.....             I - amulet of magic regeneration
HPRegen  0.66/turn              b - ring of magical power
MPRegen  0.58/turn              A - ring of magical power

@: heroism, studying Throwing
A: beak, talons 3, iridescent scales 1, thin skeletal structure 1, fire
resistance 1, poison resistance, able to fly
a: Fly, Heroism, Finesse, Renounce Religion, Evoke Blink


You were in an ice cave.
You worshipped Okawaru.
Okawaru was extremely pleased with you.
You were not hungry.

You visited 5 branches of the dungeon, and saw 25 of its levels.
You also visited: Ossuary and Ice Cave.

You collected 2619 gold pieces.
You spent 1896 gold pieces at shops.

Inventory:

Hand Weapons
 y - the +7 scimitar "Ughoamecw" {antimagic, *Corrode MR+ Int+3 Dex+4}
   (You bought it in a shop on level 2 of the Orcish Mines)

   It reduces the magical energy of the wielder, and disrupts the spells and
   magical abilities of those hit.
   Natural abilities and divine invocations are not affected.
   It affects your intelligence (+3).
   It affects your dexterity (+4).
   It affects your resistance to hostile enchantments.
   It may corrode you when you take damage.
 P - the +10 long sword of the Shining Light (weapon) {vorpal, +Blink Dex+4}
   (You bought it in a shop on level 2 of the Orcish Mines)

   It inflicts extra damage upon your enemies.
   It affects your dexterity (+4).
   It lets you blink.
 Q - the +2 falchion of Dividends {venom, rElec}
   (You bought it in a shop on level 2 of the Orcish Mines)

   It poisons the flesh of those it strikes.
   It insulates you from electricity.
 S - a +3 demon blade of flaming
 U - the +2 falchion "Sugarif" {drain, rPois rN++ Dex+5}
   (Okawaru gifted it to you on level 4 of the Spider Nest)

   A truly terrible weapon, it drains the life of those it strikes.
   It affects your dexterity (+5).
   It protects you from poison.
   It greatly protects you from negative energy.
Missiles
 n - 13 atropa-tipped darts (quivered)
 B - 66 poisoned darts
 M - 4 throwing nets
Armour
 p - the +4 robe of Augmentation (worn) {Str+4 Int+4 Dex+4}
   (Okawaru gifted it to you on level 1 of the Spider Nest)

   It affects your strength (+4).
   It affects your intelligence (+4).
   It affects your dexterity (+4).
 v - a scarf of spirit shield (worn)
 x - the +3 pair of gloves of the First Snow (worn) {rF- rN++ Regen+ rCorr}
   (Okawaru gifted it to you on level 2 of the Orcish Mines)

   It makes you vulnerable to fire.
   It greatly protects you from negative energy.
   It increases your rate of regeneration.
   It provides partial protection from all sources of acid and corrosion.
 J - a +0 kite shield (worn)
 L - a +0 troll leather armour
 V - a +2 hat of see invisible
 W - a +2 hat of intelligence (worn)
Magical Staves
 R - an uncursed staff of summoning
Jewellery
 b - a ring of magical power (left hand)
 A - a ring of magical power (right hand)
 I - an amulet of magic regeneration (around neck)
 T - an uncursed ring of see invisible
Wands
 a - a wand of random effects (14)
 g - a wand of enslavement (9)
 m - a wand of disintegration (24)
 z - a wand of polymorph (18)
 D - a wand of paralysis (23)
 H - a wand of flame (88)
 K - a wand of iceblast (9)
Scrolls
 h - 2 scrolls of identify
 l - 2 scrolls of teleportation
 o - 8 scrolls of remove curse
 q - 6 scrolls of magic mapping
 u - 5 scrolls of enchant armour
 C - a scroll of amnesia
 E - 2 scrolls of enchant weapon
 F - a scroll of fog
Potions
 d - 3 potions of might
 e - 2 potions of mutation
 f - 7 potions of brilliance
 i - 5 potions of stabbing
 j - 5 potions of heal wounds
 k - 17 potions of curing
 t - 2 potions of haste
 w - a potion of ambrosia
 O - 2 potions of invisibility
Books
 r - a manual of Throwing
Miscellaneous
 G - a phantom mirror
 N - a phial of floods
Comestibles
 c - 39 rations


   Skills:
 + Level 9.0(14.0) Fighting
   Level 0.1(14.3) Short Blades
 - Level 14.0(19.0) Long Blades
 + Level 1.2(6.2) Throwing
 - Level 7.0(12.0) Armour
 - Level 12.7(17.7) Dodging
 - Level 2.0(7.0) Stealth
 - Level 15.0(20.0) Shields
 + Level 12.3 Spellcasting
 + Level 2.6 Conjurations
 - Level 1.4 Transmutations
 - Level 0.3 Air Magic
 - Level 10.0 Poison Magic


You had 25 spell levels left.
You knew the following spells:

 Your Spells              Type           Power        Failure   Level  Hunger
a - Sting                 Tmut/Pois      ####         1%          1    None
b - Poisonous Vapours     Pois/Air       #####.       1%          2    None
c - Olgreb's Toxic Radia  Pois           ######..     1%          4    None
d - Ignite Poison         Fire/Tmut/Pois ####....     2%          3    None
e - Mephitic Cloud        Conj/Pois/Air  ####....     2%          3    None
f - Blink                 Tloc           N/A          7%          2    None

Your spell library contained the following spells:

 Spells                   Type           Power        Failure   Level  Hunger
 Magic Dart               Conj           ####         1%          1    None
 Freeze                   Ice            ##..         4%          1    None
 Sandblast                Erth           ##....       4%          1    None
 Passwall                 Tmut/Erth      ###.....     4%          2    None
 Call Imp                 Summ           ##......     7%          2    None
 Slow                     Hex            ##......     7%          2    None
 Conjure Flame            Conj/Fire      ###.....     8%          3    None
 Stone Arrow              Conj/Erth      ###...       8%          3    None
 Confusing Touch          Hex            ##......     13%         3    None
 Frozen Ramparts          Ice            ##....       13%         3    None
 Gell's Gravitas          Tloc           ##........   13%         3    None
 Ozocubu's Armour         Chrm/Ice       ##......     13%         3    None
 Hailstorm                Conj/Ice       ###.....     26%         4    None
 Petrify                  Tmut/Erth      ###.....     32%         4    None
 Summon Ice Beast         Ice/Summ       ##......     41%         4    None
 Yara's Violent Unravell  Hex/Tmut       ###.......   67%         5    ###....
 Lee's Rapid Deconstruct  Erth           ##........   77%         5    ###....
 Metabolic Englaciation   Hex/Ice        ##........   77%         5    ###....
 Freezing Cloud           Conj/Ice/Air   ###.......   99%         6    #####..
 Ring of Flames           Chrm/Fire      ##........   100%        7    ######.


Dungeon Overview and Level Annotations

Branches:
Dungeon (12/15)            Temple (1/1) D:6            Lair (6/6) D:8
 Shoals (0/4) Lair:4       Spider (4/4) Lair:4        Slime (0/5) Lair:6
    Orc (2/2) D:9             Elf (0/3) Orc:2       Ossuary (visited)
  IceCv (1/1)

Altars:
Ashenzari
Cheibriados
Dithmenos
Elyvilon
Fedhas
Gozag
Hepliaklqana
Kikubaaqudgha
Makhleb
Nemelex Xobeh
Okawaru
Qazlal
Ru
Sif Muna
Trog
Uskayaw
Vehumet
Wu Jian
Xom
Yredelemnul
Zin
The Shining One

Shops:
D:10 !*=!=   Orc:1 *   Orc:2 (!:[

Annotations:
D:3 Sigmund
D:8 1 exclusion
Lair:1 exclusion: 2 oklob plants
Orc:2 Thantalas's ghost, journeyman GnWn


Innate Abilities, Weirdness & Mutations

You have a beak for a mouth.
You have claws for feet.
You can fly continuously.
You are partially covered in iridescent scales. (AC +2)
You have a somewhat thin skeletal structure. (Dex +2, Stealth)
Your flesh is heat resistant. (rF+)
Your system is resistant to poisons. (rPois)


Message History

Press: ? - help, Shift-Dir - straight line, f - Ice Fiend
Aim: an Ice Fiend (noxious fumes)
The ball explodes into a vile cloud!
The stinking cloud engulfs the Ice Fiend but does no damage.
Casting: Mephitic Cloud (safe; 2% risk of failure)
Confirm with . or Enter, or press ? or * to list all spells.
You ignite the poison in your surroundings!
The Ice Fiend is engulfed in blazing flames.
The Ice Fiend barely misses you. You block the Ice Fiend's attack.
Unknown command.
You fail to use your ability.
The Ice Fiend is engulfed in blazing flames.
The Ice Fiend calls on the powers of darkness!
Your body is wracked with pain!
You gain the combat prowess of a mighty hero.
The Ice Fiend is engulfed in blazing flames.
You block the Ice Fiend's attack. The Ice Fiend claws you!
* * * LOW HITPOINT WARNING * * *
The Ice Fiend freezes you!!!
You die...

###### ###....###
###........##
##....###....##
###...###.###...#
##.@####....##...#
#☼°1##.....##..#####
#.☼###............#.
##°..##...##........
##.1.###########...
##...### ####
###...###### #
##.......#
###.°.......§


You could see an Ice Fiend.

Vanquished Creatures
  Asterion (Spider:1)
  An emperor scorpion (Spider:3)
  A ghost moth (Spider:3)
  4 entropy weavers
  Nessos (Lair:4)
  A spark wasp (Spider:3)
  A dire elephant (Lair:6)
  Josephine (Orc:1)
  An ice dragon (Lair:6)
  7 hydras
  Harold (D:8)
  4 ogre magi (Orc:2)
  19 two-headed ogres
  2 centaur warriors
  A tengu warrior (D:8)
  Nergalle (Lair:4)
  A spriggan (Lair:5)
  An unseen horror (D:12)
  2 lindwurms (Lair:6)
  An orc knight (D:10)
  10 orb spiders
  2 deep elf magi
  17 wolf spiders
  2 ugly things (D:11)
  A manticore (D:10)
  A merfolk siren (Lair:4)
  3 black mambas (Lair:6)
  6 elephants
  8 torpor snails
  2 ice statues (IceCv)
  5 spiny frogs
  4 freezing wraiths
  A kobold demonologist (D:12)
  2 rime drakes
  11 demonic crawlers
  6 komodo dragons
  9 ice devils (IceCv)
  30 jumping spiders
  2 trolls
  9 polar bears (Lair:6)
  10 hornets
  Grinder (D:6)
  A slime creature (Lair:6)
  35 blink frogs
  4 tyrant leeches (Lair:6)
  Prince Ribbit (Lair:3)
  A raiju (Lair:6)
  7 hippogriffs
  4 dream sheep (Lair:6)
  24 tarantellas
  A vampire (D:9)
  A shadow (D:10)
  3 wraiths
  A wyvern (Lair:4)
  25 yaks
  80 redbacks
  3 basilisks
  A hungry ghost (D:12)
  9 wargs
  14 hell hounds (Lair:6)
  17 water moccasins
  Duvessa (D:7)
  9 porcupines
  14 orc warriors
  7 sky beasts
  2 eyes of draining
  A phantom (D:11)
  8 ice beasts
  12 black bears
  53 wolves
  9 centaurs
  32 ogres
  11 crocodiles
  3 big kobolds
  14 bullfrogs
  Blork the orc (D:4)
  A gnoll sergeant (D:10)
  Dowan (D:7)
  3 scorpions
  A water moccasin skeleton (D:7)
  12 killer bees (D:9)
  4 howler monkeys
  6 wights
  6 electric eels
  A bullfrog zombie (D:5)
  5 crimson imps
  2 quasits
  2 centaur zombies
  7 jellies
  2 human zombies (Ossuary)
  9 orc priests
  2 bullfrog skeletons
  7 hounds
  2 centaur skeletons
  19 orc wizards
  2 hell rats (Lair:2)
  4 iguanas
  5 worker ants
  3 big kobold zombies (Ossuary)
  2 mummies (Ossuary)
  2 worker ant zombies
  6 gnolls
  16 adders
  15 river rats
  3 shadow imps
  10 white imps
  6 ufetubi (IceCv)
  2 oozes
  5 adder skeletons
  An adder zombie (D:9)
  7 worms
  2 dart slugs
  An adder simulacrum (D:9)
  6 leopard geckos
  75 orcs
  3 giant cockroaches
  5 goblins
  9 hobgoblins
  8 jackals
  5 quokkas
  8 bats
  3 frilled lizards
  A goblin zombie (Ossuary)
  10 hobgoblin zombies (Ossuary)
  19 kobolds
  8 kobold zombies (Ossuary)
  A leopard gecko skeleton (D:5)
  13 orc zombies (Ossuary)
  9 rats
  A fungus (Lair:6)
971 creatures vanquished.

Vanquished Creatures (others)
  An unseen horror (D:10)
  5 white imps (IceCv)
  7 fungi
  28 plants
41 creatures vanquished.

Grand Total: 1012 creatures vanquished

Notes
Turn   | Place    | Note
-------+----------+-------------------------------------------
     0 | D:1      | Lugonue the Tengu Venom Mage began the quest for the Orb.
     0 | D:1      | Reached XP level 1. HP: 10/10 MP: 4/4
   132 | D:1      | Reached XP level 2. HP: 5/15 MP: 3/6
   635 | D:1      | Reached skill level 1 in Transmutations
   635 | D:1      | Reached XP level 3. HP: 11/19 MP: 5/7
  1778 | D:2      | Learned a level 2 spell: Poisonous Vapours
  1825 | D:2      | Reached XP level 4. HP: 11/24 MP: 2/8
  2348 | D:3      | Noticed a big kobold
  2352 | D:3      | Noticed Sigmund
  2665 | D:3      | Reached skill level 1 in Armour
  2770 | D:3      | Killed a big kobold
  2770 | D:3      | Gained mutation: You can fly continuously. [Tengu growth]
  2770 | D:3      | Reached XP level 5. HP: 13/28 MP: 3/9
  2963 | D:3      | Noticed a big kobold
  2975 | D:3      | Killed a big kobold
  2975 | D:3      | Reached XP level 6. HP: 19/33 MP: 10/10
  3921 | D:4      | Reached skill level 5 in Armour
  4011 | D:4      | Noticed Blork the orc
  4031 | D:4      | Killed Blork the orc
  4100 | D:4      | Reached skill level 1 in Fighting
  4100 | D:4      | Reached XP level 7. HP: 35/38 MP: 9/11
  4240 | D:5      | Entered Level 5 of the Dungeon
  4246 | D:5      | Reached skill level 5 in Long Blades
  4391 | D:5      | Reached XP level 8. HP: 38/44 MP: 12/12
  4623 | D:5      | Found a glowing golden altar of the Shining One.
  4811 | D:5      | Found a sand-covered staircase.
  4822 | Ossuary  | Entered an ossuary
  5365 | D:6      | Found a staircase to the Ecumenical Temple.
  5373 | Temple   | Entered the Ecumenical Temple
  5922 | D:6      | You fall into a shaft and drop 3 floors!
  5937 | D:9      | Reached XP level 9. HP: 50/50 MP: 13/13
  6053 | D:8      | Noticed a seven-headed hydra
  6309 | D:7      | Noticed Duvessa
  6309 | D:7      | Noticed Dowan
  6316 | D:7      | Killed Duvessa
  6336 | D:7      | Killed Dowan
  6806 | D:7      | Found an ancient bone altar of Kikubaaqudgha.
  7097 | D:6      | Reached skill level 5 in Poison Magic
  7268 | D:6      | Reached skill level 10 in Long Blades
  7312 | D:6      | Noticed Grinder
  7318 | D:6      | Killed Grinder
  7318 | D:6      | Reached XP level 10. HP: 49/58 MP: 14/14
  7637 | D:8      | Found a staircase to the Lair.
  7697 | D:8      | Killed a seven-headed hydra
  7697 | D:8      | Reached skill level 5 in Fighting
  7708 | D:8      | Noticed Harold
  7899 | D:8      | Noticed a centaur warrior
  7914 | D:8      | Killed a centaur warrior
  8165 | D:8      | Noticed a tengu warrior
  8292 | D:8      | Killed Harold
  8292 | D:8      | Reached skill level 5 in Dodging
  8621 | D:8      | Paralysed by a hornet for 1 turns
  9019 | D:8      | Killed a tengu warrior
  9019 | D:8      | Reached XP level 11. HP: 39/64 MP: 18/18
  9181 | Lair:1   | Entered Level 1 of the Lair of Beasts
  9284 | Lair:1   | Noticed an oklob plant
  9518 | Lair:1   | You fall into a shaft and drop 1 floor!
  9562 | Lair:1   | Reached skill level 5 in Spellcasting
  9897 | Lair:1   | Learned a level 4 spell: Olgreb's Toxic Radiance
  9901 | Lair:1   | Learned a level 3 spell: Ignite Poison
 10079 | Lair:1   | Noticed an oklob plant
 10459 | Lair:1   | Gained mutation: Your system is resistant to poisons.
                  | (rPois) [potion of mutation]
 10459 | Lair:1   | Gained mutation: You are somewhat resistant to further
                  | mutation. [potion of mutation]
 11109 | Lair:2   | You fall into a shaft and drop 1 floor!
 11252 | Lair:3   | Noticed Prince Ribbit
 11258 | Lair:3   | Killed Prince Ribbit
 11266 | Lair:3   | Reached XP level 12. HP: 54/71 MP: 6/22
 11955 | Lair:4   | Noticed Nessos
 12317 | Lair:4   | Found a hole to the Spider Nest.
 12660 | Lair:5   | Noticed a spriggan rider
 12667 | Lair:5   | Killed a spriggan rider
 13026 | Lair:5   | Reached skill level 1 in Shields
 13256 | Lair:5   | Reached skill level 2 in Shields
 13269 | Lair:5   | Reached skill level 3 in Shields
 13379 | Lair:5   | Learned a level 3 spell: Mephitic Cloud
 13746 | Lair:6   | Entered Level 6 of the Lair of Beasts
 13758 | Lair:5   | Reached skill level 4 in Shields
 14456 | D:9      | Reached skill level 5 in Shields
 14456 | D:9      | Reached XP level 13. HP: 59/76 MP: 24/24
 14878 | D:9      | Reached skill level 6 in Shields
 14920 | D:9      | Found a staircase to the Orcish Mines.
 14934 | Orc:1    | Entered Level 1 of the Orcish Mines
 14934 | Orc:1    | Found Saejuff's General Store.
 14936 | Orc:1    | Noticed Josephine
 15048 | D:9      | Found a hazy altar of Hepliaklqana.
 15280 | D:9      | Found a sparkling altar of Nemelex Xobeh.
 15284 | D:9      | Found a white marble altar of Elyvilon.
 15286 | D:9      | Found an iron altar of Okawaru.
 15286 | D:9      | Found an ornate altar of the Wu Jian Council.
 15287 | D:9      | Found a shimmering blue altar of Sif Muna.
 15289 | D:9      | Became a worshipper of Warmaster Okawaru
 15293 | D:9      | Found a bloodstained altar of Trog.
 15704 | D:10     | Entered Level 10 of the Dungeon
 15712 | D:10     | Found Ucesmurie's Jewellery Shoppe.
 15719 | D:10     | Found Cinkuch's Jewellery Boutique.
 15737 | D:10     | Bought an uncursed amulet of magic regeneration for 330
                  | gold pieces
 15981 | D:10     | Reached skill level 7 in Shields
 16041 | D:10     | Reached * piety under Okawaru
 16193 | D:10     | Found Vupufy's Distillery.
 16202 | D:10     | Bought a potion of curing for 36 gold pieces
 16366 | D:10     | Found Withru's Distillery.
 16372 | D:10     | Bought 2 potions of curing for 78 gold pieces
 16372 | D:10     | Bought 3 potions of curing for 117 gold pieces
 16372 | D:10     | Bought a potion of haste for 130 gold pieces
 16399 | D:10     | Found Goukkisu's Assorted Antiques.
 16407 | D:10     | Bought a scroll labeled LICUSEMMUT for 27 gold pieces
 16931 | D:11     | Reached ** piety under Okawaru
 16931 | D:11     | Reached skill level 8 in Shields
 17952 | D:12     | Reached skill level 9 in Shields
 17991 | D:12     | Reached *** piety under Okawaru
 18215 | Orc:1    | Gained mutation: You tend to lose your temper in combat.
                  | [mutagenic glow]
 18216 | Orc:1    | Killed Josephine
 18282 | Orc:1    | Gained mutation: You are partially covered in iridescent
                  | scales. (AC +2) [mutagenic glow]
 18312 | Orc:1    | Gained mutation: You are dopey. (Int -2) [mutagenic glow]
 18481 | Orc:2    | Entered Level 2 of the Orcish Mines
 18516 | Orc:2    | Found a staircase to the Elven Halls.
 18717 | Orc:2    | Found a transporter.
 18781 | Orc:2    | Found a transporter.
 18781 | Orc:2    | Noticed Thantalas's ghost (journeyman GnWn)
 18782 | Orc:2    | Identified the +12 great mace of the Lumpy Cities {venom,
                  | +Fly rPois Dex+2}
 18782 | Orc:2    | Noticed an ettin
 18824 | Orc:2    | Noticed an ogre mage
 18826 | Orc:2    | Found Jiesui's Antique Weapon Boutique.
 18826 | Orc:2    | Found Potam's Distillery.
 18826 | Orc:2    | Noticed an ogre mage
 18829 | Orc:2    | Reached XP level 14. HP: 80/80 MP: 25/25
 18829 | Orc:2    | Reached skill level 10 in Shields
 18830 | Orc:2    | Reached skill level 10 in Dodging
 18834 | Orc:2    | Reached **** piety under Okawaru
 18841 | Orc:2    | Reached skill level 11 in Shields
 18846 | Orc:2    | Reached ***** piety under Okawaru
 18876 | Orc:2    | Found Cixeaq's Armour Shop.
 18876 | Orc:2    | Found Duah's Book Emporium.
 18885 | Orc:2    | Received a gift from Okawaru
 18887 | Orc:2    | Reached skill level 12 in Shields
 18894 | Orc:2    | Got a pair of warped gloves {god gift}
 18907 | Orc:2    | Identified the +3 pair of gloves of the First Snow {rF-
                  | rN++ Regen+ rCorr} (Okawaru gifted it to you on level 2 of
                  | the Orcish Mines)
 18916 | Orc:2    | Bought a crystal scimitar for 234 gold pieces
 18916 | Orc:2    | Bought a pitted long sword for 221 gold pieces
 18916 | Orc:2    | Bought an ancient falchion for 208 gold pieces
 18916 | Orc:2    | Identified the +7 scimitar "Ughoamecw" {antimagic, *Corrode
                  | MR+ Int+3 Dex+4} (You bought it in a shop on level 2 of the
                  | Orcish Mines)
 18917 | Orc:2    | Identified the +10 long sword of the Shining Light {vorpal,
                  | +Blink Dex+4} (You bought it in a shop on level 2 of the
                  | Orcish Mines)
 18918 | Orc:2    | Identified the +2 falchion of Dividends {venom, rElec} (You
                  | bought it in a shop on level 2 of the Orcish Mines)
 18922 | Orc:2    | Bought a potion of heal wounds for 80 gold pieces
 18922 | Orc:2    | Bought a potion of heal wounds for 80 gold pieces
 18922 | Orc:2    | Bought 2 potions of heal wounds for 160 gold pieces
 19394 | Lair:1   | Lost mutation: You tend to lose your temper in combat.
                  | [potion of mutation]
 19394 | Lair:1   | Lost mutation: You are somewhat resistant to further
                  | mutation. [potion of mutation]
 19394 | Lair:1   | Gained mutation: You are weak. (Str -2) [potion of
                  | mutation]
 19394 | Lair:1   | Gained mutation: Scrolls take you a little longer to read.
                  | [potion of mutation]
 19394 | Lair:1   | Lost mutation: You are dopey. (Int -2) [potion of mutation]
 19395 | Lair:1   | Lost mutation: Scrolls take you a little longer to read.
                  | [potion of mutation]
 19395 | Lair:1   | Lost mutation: You are weak. (Str -2) [potion of mutation]
 19395 | Lair:1   | Gained mutation: You have a somewhat thin skeletal
                  | structure. (Dex +2, Stealth) [potion of mutation]
 19395 | Lair:1   | Gained mutation: Your flesh is heat resistant. (rF+)
                  | [potion of mutation]
 20288 | Lair:4   | Noticed Nergalle
 20302 | Lair:4   | Killed Nergalle
 20326 | Lair:4   | Found a staircase to the Shoals.
 20574 | Lair:4   | Killed Nessos
 20823 | Lair:6   | Reached skill level 13 in Shields
 21017 | Lair:6   | Reached XP level 15. HP: 56/85 MP: 26/26
 21240 | Lair:6   | Received a gift from Okawaru
 21332 | Lair:6   | Reached skill level 14 in Shields
 21523 | Lair:6   | Found a staircase to the Slime Pits.
 21658 | Lair:6   | Reached ****** piety under Okawaru
 21921 | Lair:6   | Found a runed translucent door.
 22104 | Lair:6   | Received a gift from Okawaru
 22477 | Lair:6   | Reached skill level 15 in Shields
 22482 | Lair:6   | Learned a level 2 spell: Blink
 22528 | Spider:1 | Entered Level 1 of the Spider Nest
 22758 | Spider:1 | Received a gift from Okawaru
 22767 | Spider:1 | You fall into a shaft and drop 1 floor!
 22945 | Spider:2 | Reached XP level 16. HP: 64/90 MP: 26/29
 22945 | Spider:2 | Reached skill level 10 in Poison Magic
 22987 | Spider:2 | You fall into a shaft and drop 1 floor!
 23080 | Spider:3 | Received a gift from Okawaru
 23209 | Spider:3 | Received a gift from Okawaru
 23395 | Spider:2 | Reached skill level 10 in Spellcasting
 24006 | Spider:1 | Received a gift from Okawaru
 24007 | Spider:1 | Found the +4 robe of Augmentation {Str+4 Int+4 Dex+4}
 24028 | Spider:1 | Noticed Asterion
 24079 | Spider:1 | Killed Asterion
 24647 | Spider:1 | Reached skill level 1 in Conjurations
 25063 | D:10     | Bought an uncursed ring of see invisible for 195 gold
                  | pieces
 25443 | Spider:4 | Entered Level 4 of the Spider Nest
 25598 | Spider:4 | Reached skill level 1 in Throwing
 25655 | Spider:4 | Received a gift from Okawaru
 25657 | Spider:4 | Reached XP level 17. HP: 99/99 MP: 31/34
 25659 | Spider:4 | Got a crude falchion {god gift}
 25660 | Spider:4 | Identified the +2 falchion "Sugarif" {drain, rPois rN++
                  | Dex+5} (Okawaru gifted it to you on level 4 of the Spider
                  | Nest)
 25678 | Spider:4 | Got a twisted mace
 25679 | Spider:4 | Identified the +5 mace of the Apocalypse {vorpal, Dex+2}
                  | (You found it on level 4 of the Spider Nest)
 25697 | Spider:4 | Found a frozen archway.
 25723 | IceCv    | Entered an ice cave
 26112 | IceCv    | Noticed an Ice Fiend
 26247 | IceCv    | Noticed an Ice Fiend
 26256 | IceCv    | Slain by an Ice Fiend

Levels and vault maps discovered:
D:1:      nicolae_arrival_somewhat_less_tricky_arrival, layout_loops_ring,
          due_unseen_surprise
D:2:      layout_basic
D:3:      cheibrodos_thug_alley, layout_rooms, uniq_sigmund
D:4:      cheibrodos_barr_body, layout_basic, hangedman_decor_push,
          uniq_blork_the_orc
D:5:      layout_basic, chequers_ossuary_entry_cave, first_ration,
          lightli_sewer_entry_pipes, nicolae_tso_carved_into_rock
D:6:      layout_basic, minmay_temple_entry_mini_moons, serial_rivers,
          chequers_serial_rivers_micro_a, chequers_serial_rivers_marsh,
          chequers_serial_rivers_room_b, chequers_serial_rivers_micro_a,
          uniq_grinder
D:7:      layout_gridville, marbit_many_paths, uniq_duvessa
D:8:      kennysheep_big_flooded_room, layout_rooms, lair_entry_dummy,
          hangedman_pestilent_swarm, amethyst_killhole, uniq_harold
D:9:      minmay_razor_zed, layout_rooms, lemuel_coloured_pillars_altar,
          minitemple, david_orc_3, serial_ice, serial_ice_f, serial_ice_a,
          serial_ice_g, serial_ice_c, serial_ice_o, serial_ice_m
D:10:     minmay_ornate_pinched, layout_basic, serial_shops, shop, shop,
          kennysheep_mini_moat, shop, shop
D:11:     layout_gridville, evilmike_butchery
D:12:     layout_rooms, minmay_ruined_shrine
Temple:   minmay_temple_curvy_branch
Lair:1:   layout_regular_city, minmay_lair_oklob_chamber
Lair:2:   layout_hall_layers, kennysheep_rathole, serial_bayou_shore_b
Lair:3:   layout_long_grid, grunt_megastairs_2, infiniplex_staircase_pool_2,
          uniq_prince_ribbit2
Lair:4:   layout_roguey, minmay_shoals_entry_lonely_mermaid,
          spider_nest_entry_web_field, uniq_nergalle, uniq_nessos
Lair:5:   layout_regular_city, grunt_forest_large_clearings
Lair:6:   wormcave, layout_cave_pods, hangedman_lair_caniforms_friends,
          minmay_slime_entry_pillars, minivault_26, minivault_19
Spider:1: layout_chambers, spiders_nest_hornet_nest, uniq_asterion
Spider:2: layout_spider_delve
Spider:3: layout_spider_delve
Spider:4: guppyfry_spider_rune, portal_ice_cave_entry_frozen_things
Orc:1:    layout_diamond_mine, serial_shops, shop, uniq_josephine
Orc:2:    st_orc_ogre_mass, layout_caves, gammafunk_ghost_smash
IceCv:    ice_cave_small_demon

Skill      XL: |  1  2  3  4  5  6  7  8  9 10 11 12 13 14 15 16 17 |
---------------+----------------------------------------------------+-----
Transmutations | 1 |  1.4
Dodging        | 3 4 5 6 9 11 12 | 12.7
Armour         | 3 4 5 7 |  7.0
Long Blades    | 3 5 7 10 11 12 14 | 14.0
Fighting       | 1 2 3 4 5 6 8 9 |  9.0
Poison Magic   | 5 6 8 9 10 | 10.0
Spellcasting   | 4 6 7 8 12 | 12.3
Shields        | 5 9 13 15 | 15.0
Conjurations   | 2 |  2.6
Throwing       | 1 |  1.2
Short Blades   | |  0.1
Stealth        | |  2.0
Air Magic      | |  0.3

Action                   |  1- 3 |  4- 6 |  7- 9 | 10-12 | 13-15 | 16-18 || total
-------------------------+-------+-------+-------+-------+-------+-------++-------
Melee: Dagger            |    47 |       |       |       |       |       ||    47
       Peck              |    15 |     5 |    43 |    51 |   196 |   106 ||   416
       Kick              |    16 |    15 |   100 |    83 |   324 |   165 ||   703
       Short sword       |    46 |    22 |       |       |       |       ||    68
       Falchion          |       |    22 |       |       |       |       ||    22
       Long sword        |       |    48 |   308 |   293 |   897 |   306 ||  1852
Throw: Dart              |       |       |     5 |     3 |     9 |     1 ||    18
 Cast: Sting             |    24 |     9 |    16 |    25 |    39 |     1 ||   114
       Poisonous Vapours |     1 |    20 |    26 |    79 |    66 |    57 ||   249
       Olgreb's Toxic Ra |       |       |       |    22 |    99 |    31 ||   152
       Ignite Poison     |       |       |       |    19 |    55 |    28 ||   102
       Mephitic Cloud    |       |       |       |       |    18 |    21 ||    39
Invok: Heroism           |       |       |       |       |    14 |    10 ||    24
       Finesse           |       |       |       |       |       |     1 ||     1
 Abil: Evoke Blink       |       |       |       |       |     2 |     1 ||     3
Evoke: Wand              |       |       |     5 |    17 |     7 |     3 ||    32
  Use: Potion            |     1 |       |       |     4 |    10 |     8 ||    23
       Scroll            |       |       |    11 |    17 |    13 |     8 ||    49
 Stab: Sleeping          |       |       |     6 |     2 |     5 |     3 ||    16
       Paralysed         |       |       |     6 |       |     4 |       ||    10
       Confused          |       |       |       |       |     3 |     1 ||     4
       Distracted        |       |       |       |       |     2 |       ||     2
  Eat: Chunk             |     2 |     7 |    10 |    13 |    31 |     6 ||    69
       Ration            |       |     1 |     1 |     5 |     4 |     3 ||    14
Armor: Robe              |    22 |     1 |       |       |       |    15 ||    38
       Ring mail         |       |    30 |   119 |    87 |    50 |       ||   286
       Troll leather arm |       |       |       |       |   106 |    29 ||   135
Dodge: Dodged            |    87 |    60 |   142 |   178 |   546 |   301 ||  1314
Block: Kite shield       |       |       |       |    10 |   539 |   263 ||   812
       Rpst.: Falchion   |       |     1 |       |       |       |       ||     1
       Long sword        |       |    10 |    48 |    55 |   121 |    64 ||   298

Table legend:
 A = Non-vault XP
 B = Vault XP
 C = Vault XP percentage of total XP
 D = Non-vault monster count
 E = Vault monster count
 F = Vault count percentage of total count
                 A         B        C        D         E       F
            +---------+---------+-------+---------+---------+-------
      Total |  120326 |   67182 |  35.8 |     652 |     319 |  32.9
            +---------+---------+-------+---------+---------+-------
        D:1 |      47 |       0 |   0.0 |      24 |       0 |   0.0
        D:2 |      53 |       0 |   0.0 |      14 |       0 |   0.0
        D:3 |      43 |     213 |  83.2 |      20 |      10 |  33.3
        D:4 |     274 |     379 |  58.0 |      15 |      10 |  40.0
        D:5 |     655 |     153 |  18.9 |      20 |      15 |  42.9
        D:6 |     876 |     281 |  24.3 |      19 |       1 |   5.0
        D:7 |    1515 |     219 |  12.6 |      29 |       2 |   6.5
        D:8 |    1986 |    2748 |  58.0 |      19 |       4 |  17.4
        D:9 |    3211 |    1573 |  32.9 |      47 |      19 |  28.8
       D:10 |    2790 |    2634 |  48.6 |      27 |      10 |  27.0
       D:11 |    5181 |     388 |   7.0 |      41 |       1 |   2.4
       D:12 |    2960 |     513 |  14.8 |      12 |       2 |  14.3
     Lair:1 |    2793 |       0 |   0.0 |      18 |       0 |   0.0
     Lair:2 |    2835 |     194 |   6.4 |      15 |      12 |  44.4
     Lair:3 |    3722 |    2031 |  35.3 |      17 |       8 |  32.0
     Lair:4 |    3142 |    2644 |  45.7 |      14 |       4 |  22.2
     Lair:5 |    6315 |    4172 |  39.8 |      28 |      30 |  51.7
     Lair:6 |   16976 |   18176 |  51.7 |      50 |      77 |  60.6
   Spider:1 |   17274 |    2822 |  14.0 |      55 |       1 |   1.8
   Spider:2 |   16400 |       0 |   0.0 |      54 |       0 |   0.0
   Spider:3 |   18467 |       0 |   0.0 |      50 |       0 |   0.0
   Spider:4 |   10917 |    1313 |  10.7 |      26 |       4 |  13.3
      Orc:1 |    1134 |    1278 |  53.0 |      23 |       2 |   8.0
      Orc:2 |     760 |   21081 |  96.5 |      15 |      44 |  74.6
    Ossuary |       0 |     232 | 100.0 |       0 |      39 | 100.0
      IceCv |       0 |    4138 | 100.0 |       0 |      24 | 100.0
            +---------+---------+-------+---------+---------+-------
